 Dungeon Crawl Stone Soup version 0.30.0-20-g3b4254fcbd (webtiles) character file.

Game seed: 12973668434120909893

1033 Graphine the Covered (level 8, 0/71 HPs)
             Began as an Armataur Monk on June 2, 2023.
             Slain by a troll (5 damage)
             ... on level 5 of the Dungeon.
             The game lasted 00:09:37 (4784 turns).

Graphine the Covered (Armataur Monk)                Turns: 4784, Time: 00:09:40

Health: 0/71       AC: 10    Str: 18    XL:     8   Next: 3%
Magic:  8/8        EV:  6    Int: 11    God:
Gold:   356        SH:  0    Dex: 13    Spells: 7/7 levels left

rFire   x . .        a - +1 mace
rCold   . . .        d - orb {light}
rNeg    . . .        y - +0 chain mail
rPois   .            (no helmet)
rElec   .            o - +0 cloak
rCorr   .            (no gloves)
SInv    .            (no barding)
Will    .....        (no amulet) Stlth
                     (no ring)
HPRegen 0.31/turn    (no ring)
MPRegen 0.11/turn

%: roll
@: confused, ambrosia-drunk, glowing
A: large, rugged brown scales 3, deformed body, armoured tail, roll, long
tongue, awkward tongue, wild magic 1, evolution 1, heat vulnerability 1
a: no special abilities


You were on level 5 of the Dungeon.
You visited 1 branch of the dungeon, and saw 5 of its levels.

You collected 356 gold pieces.

Inventory:

Hand Weapons
 a - a +1 mace (weapon)
Missiles
 m - 6 curare-tipped darts (quivered)
 q - 2 javelins
Armour
 d - an orb of light (worn)
 o - a +0 cloak (worn)
 v - a +0 helmet
 y - a +0 chain mail (worn)
Jewellery
 g - a ring of magical power
 n - an amulet of guardian spirit
Wands
 h - a wand of flame (25)
Scrolls
 b - 2 scrolls of amnesia
 f - a scroll of enchant armour {unknown}
 j - a scroll of identify
 r - 2 scrolls of poison
 s - 3 scrolls of vulnerability
Potions
 e - a potion of brilliance
 i - a potion of curing
 l - a potion of lignification
 p - a potion of attraction {unknown}
 t - 2 potions of degeneration
 u - 2 potions of might {unknown}
 x - a potion of flight {unknown}


   Skills:
 + Level 4.6 Fighting
 + Level 4.6 Maces & Flails
 * Level 6.9 Armour
 - Level 2.1 Dodging
 + Level 4.3 Shields


You had 7 spell levels left.
You didn't know any spells.
Your spell library contained the following spells:

 Spells                   Type           Power      Damage    Failure   Level
 Kiss of Death            Conj/Necr      0%         2d5       97%         1
 Lesser Beckoning         Tloc           0%         N/A       99%         2
 Confusing Touch          Hex            0%         N/A       100%        3
 Gell's Gravitas          Tloc           0%         N/A       100%        3
 Teleport Other           Tloc           0%         N/A       100%        3
 Dispel Undead            Necr           0%         3d6       100%        4
 Manifold Assault         Tloc           0%         N/A       100%        4
 Dispersal                Tloc           0%         N/A       100%        6
 Disjunction              Tloc           0%         N/A       100%        8


Dungeon Overview and Level Annotations

Branches:
Dungeon (5/15)
 Temple: D:4-7

Altars:
Fedhas
Vehumet
Wu Jian

Annotations:
D:1 2 transporters


Innate Abilities, Weirdness & Mutations

You are completely covered in rugged brown scales. (AC +3, +7% HP)
Armour fits poorly on your strangely shaped body.
You have a long armoured tail.
You roll when moving toward enemies. (Rampage)
Your long tongue fully drains potion bottles. (2x potion effects)
Your tongue gives you trouble enunciating. (1.5x scroll delay)
Your spells are a little harder to cast, but a little more powerful.
You have hidden genetic potential.
You are vulnerable to heat. (rF-)


Message History

The troll is almost dead.
Your transformation is almost over.
The troll bites you.
The troll claws you but does no damage. x2
You barely miss the troll.
The troll is severely wounded.
The troll bites you but does no damage.
The troll claws you but does no damage. x2
The troll bites you but does no damage.
The troll claws you but does no damage. x2
You hit the troll.
The troll is severely wounded.
The troll bites you. The troll claws you! The troll claws you.
* * * LOW HITPOINT WARNING * * *
You hit the troll but do no damage.
The troll is severely wounded.
The troll bites you!
* * * LOW HITPOINT WARNING * * *
The troll claws you but does no damage. x2
You sock the troll!
The troll is almost dead.
The troll bites you.
* * * LOW HITPOINT WARNING * * *
The troll claws you.
* * * LOW HITPOINT WARNING * * *
The troll claws you but does no damage.
You barely miss the troll.
The troll is almost dead.
The troll bites you!
* * * LOW HITPOINT WARNING * * *
The troll claws you but does no damage. x2
You are confused.
You feel invigorated.
You slurp down every last drop of the potion of ambrosia!
The troll bites you but does no damage.
The troll claws you but does no damage. x2
You nearly hit yourself!
You feel less wooden.
Your +0 cloak unmelds from your body.
Your +0 chain mail unmelds from your body.
The troll bites you!
* * * LOW HITPOINT WARNING * * *
The troll claws you.
You die...

##### ##.>.##########
##.###.#.......# ######
##.##
##..#####.############.....
>..# #..#
#..............#### ##.##
##..# ################
###.###.#.############ #
##...##.......@T...# #
##.###..#########.# # #.#
#..# #.# # #.# #..# #.# ##
#.# #..## #.######## .# #.#
#...# #......T.# .# #.#
##..# ########.#
.####.####.)### #.#
..............# #.#


You could see a troll.

Vanquished Creatures
  Sigmund (D:2)
  An ice beast (D:4)
  2 ogres
  4 scorpions
  A hound (D:5)
  3 iguanas (D:5)
  Jessica (D:2)
  An orc wizard (D:4)
  4 gnolls (D:4)
  8 adders
  A white imp (D:5)
  2 ufetubi
  3 worms
  A dart slug (D:1)
  4 orcs
  2 bats
  7 endoplasms
  2 giant cockroaches
  12 goblins
  8 hobgoblins
  A jackal (D:3)
  5 quokkas
  6 ball pythons
  4 frilled lizards
  5 kobolds
  14 rats
103 creatures vanquished.

Notes
Turn   | Place    | Note
-------+----------+-------------------------------------------
     0 | D:1      | Graphine the Armataur Monk began the quest for the Orb.
     0 | D:1      | Reached XP level 1. HP: 19/19 MP: 1/1
   112 | D:1      | Reached skill level 1 in Armour
   116 | D:1      | Reached XP level 2. HP: 18/26 MP: 2/2
   300 | D:1      | Reached skill level 1 in Shields
   355 | D:1      | Found a faded altar of an unknown god.
   649 | D:2      | Found a blossoming altar of Fedhas.
   656 | D:2      | Reached skill level 2 in Armour
   656 | D:2      | Reached XP level 3. HP: 24/32 MP: 3/3
  1118 | D:2      | Noticed Sigmund
  1126 | D:2      | Killed Sigmund
  1127 | D:2      | Reached skill level 3 in Armour
  1127 | D:2      | Reached XP level 4. HP: 23/40 MP: 4/4
  1127 | D:2      | Reached XP level 5. HP: 28/48 MP: 5/5
  1587 | D:2      | Noticed Jessica
  1596 | D:2      | Killed Jessica
  1597 | D:2      | Reached skill level 4 in Armour
  1716 | D:3      | Reached XP level 6. HP: 25/55 MP: 6/6
  2930 | D:4      | Reached skill level 5 in Armour
  3214 | D:4      | Reached XP level 7. HP: 50/63 MP: 7/7
  3506 | D:4      | Identified the +0 ring mail of Vurph {rF+ SInv}
  3814 | D:4      | Gained mutation: You have hidden genetic potential. [potion
                  | of mutation]
  3814 | D:4      | Gained mutation: You are partially covered in iridescent
                  | scales. (AC +2) [potion of mutation]
  3814 | D:4      | Gained mutation: You occasionally lose the ability to drink
                  | potions when taking damage. [potion of mutation]
  3814 | D:4      | Gained mutation: You are frail. (-10% HP) [potion of
                  | mutation]
  3814 | D:4      | Gained mutation: You have sharp toenails. [potion of
                  | mutation]
  3815 | D:4      | Lost mutation: You have hidden genetic potential. [potion
                  | of mutation]
  3815 | D:4      | Lost mutation: You occasionally lose the ability to drink
                  | potions when taking damage. [potion of mutation]
  3815 | D:4      | Lost mutation: You are frail. (-10% HP) [potion of
                  | mutation]
  3815 | D:4      | Lost mutation: You have sharp toenails. [potion of
                  | mutation]
  3815 | D:4      | Lost mutation: You are partially covered in iridescent
                  | scales. (AC +2) [potion of mutation]
  3815 | D:4      | Gained mutation: You sometimes lose your temper in combat.
                  | [potion of mutation]
  3815 | D:4      | Gained mutation: You are clumsy. (Dex -2) [potion of
                  | mutation]
  3815 | D:4      | Gained mutation: Your magical capacity is low. (-10% MP)
                  | [potion of mutation]
  3815 | D:4      | Gained mutation: You have a pair of small antennae on your
                  | head. [potion of mutation]
  3817 | D:5      | Entered Level 5 of the Dungeon
  3979 | D:5      | Reached skill level 6 in Armour
  4149 | D:5      | Found a radiant altar of Vehumet.
  4293 | D:5      | Lost mutation: You are clumsy. (Dex -2) [potion of
                  | mutation]
  4293 | D:5      | Lost mutation: You sometimes lose your temper in combat.
                  | [potion of mutation]
  4293 | D:5      | Lost mutation: You have a pair of small antennae on your
                  | head. [potion of mutation]
  4293 | D:5      | Lost mutation: Your magical capacity is low. (-10% MP)
                  | [potion of mutation]
  4293 | D:5      | Gained mutation: You have hidden genetic potential. [potion
                  | of mutation]
  4293 | D:5      | Gained mutation: You are vulnerable to heat. (rF-) [potion
                  | of mutation]
  4293 | D:5      | Gained mutation: Your spells are a little harder to cast,
                  | but a little more powerful. [potion of mutation]
  4347 | D:5      | Reached XP level 8. HP: 60/71 MP: 8/8
  4555 | D:5      | Found an ornate altar of the Wu Jian Council.
  4708 | D:5      | Noticed a troll
  4782 | D:5      | HP: 2/106 [troll (8)]
  4784 | D:5      | Slain by a troll

Illustrated notes

Levels and vault maps discovered:
D:1:      spicycebolla_arrival_transporter_tutorial, layout_basic,
          basic_ecumenical_altar
D:2:      layout_loops_corners, basic_altar, minmay_vboxes, uniq_jessica,
          uniq_sigmund
D:3:      minmay_recursive_quarters, layout_loops_ring, minmay_misc_feat_rows,
          minmay_quadrilaterals
D:4:      kennysheep_the_goblin_king, layout_basic, minivault_26
D:5:      layout_loops_ring, mainiacjoe_overflow_alcove_2,
          vehumet_altar_wand_db, hangedman_decor_peaks_small

Skill      XL: |  1  2  3  4  5  6  7 |
---------------+----------------------+-----
Armour         | 1 2 3 4 5 6 |  6.9
Shields        | 1 2 3 4 |  4.3
Fighting       | 3 4 |  4.6
Maces & Flails | 3 4 |  4.6
Dodging        | |  2.1

Action                     |  1- 3 |  4- 6 |  7- 9 || total
---------------------------+-------+-------+-------++-------
  Melee: Mace              |    52 |   129 |    74 ||   255
         Tailslap          |     2 |    36 |    12 ||    50
  Throw: Javelin           |    16 |       |       ||    16
         Dart              |     2 |       |     2 ||     4
  Evoke: Wand              |       |       |    17 ||    17
    Use: Scroll            |     4 |     8 |     5 ||    17
         Potion            |       |     1 |     7 ||     8
 Armour: Robe              |    14 |       |       ||    14
         Scale mail        |     7 |    71 |    15 ||    93
         Chain mail        |       |       |     8 ||     8
         Skin              |       |       |    45 ||    45
  Dodge: Dodged            |    17 |    55 |    27 ||    99
